Workbook
Name 測量等: Sheet2!$A$2:$A$7
Name 物品調達: Sheet2!$B$2:$B$32
Name 役務の提供等: Sheet2!$C$2:$C$18

Sheet 申請様式一覧
B2: 申請様式等一覧
B4: №
B5: 1 | D5: 郡山市競争入札参加資格審査申請書（様式第１号）
B6: 2 | D6: 委任状（第２号様式） ※委任先を設定する場合のみ
B7: 3 | D7: 建設工事における登録希望業種等申請書(第３号様式）
B8: 4 | D8: 外注費計算表（第４号様式）
B9: 5 | D9: 主観的事項申告調書（第５号様式）
B10: 6 | D10: 測量等における登録希望業種等申請書（第６号様式）
B11: 7 | D11: 測量等審査調書（第７号様式）
B12: 8 | D12: 契約実績調書（第８号様式）
B13: 9 | D13: 測量等技術者資格一覧表（第９号様式）
B14: 10 | D14: 物品調達における登録希望種目等申請書（第１０号様式）
B15: 11 | D15: 印刷物取扱等調査票（第１１号様式）
B16: 12 | D16: 役務の提供等における登録希望業種等申請書（第１２号様式）
... B21: 17 | D21: 確約書 ※資格が必要な業務を組合等で申請する場合のみ

Sheet 第１号様式（共通申請書）
AF1: (第１号様式（その１））
A3: 郡山市競争入札参加資格審査申請書
AD5: 年 月 日
B7: 郡山市長
D10: 本店 | I10: 郵便番号 | U10: -
I12: 住所又は所在地
R13: 【登記上の所在地を記入してください】
I15: 商号又は名称
I17: 商号又は名称の フリガナ
I19: 法人番号
I21: 代表者 | N21: 職名
N23: 氏名
I25: 連絡先 | R25: 電話 | AF25: ＦＡＸ
R26: メールアドレス
A28: 令和９・10年度における郡山市の以下の区分に係る一般競争入札及び指名競争入札に参加したいので、関係書類を添えて入札参加資格の審査を申請します。 なお、本申請書及び関係書類への記載事項は、全て事実と相違なく、かつ、地方自治法施行令（昭和22年政令第16号）第167条の４に該当していないこと及び役員等に、郡山市暴力団排除条例（平成24年郡山市条例第46号）第２条第２号に規定する暴力団員又は同条例第８条に規定する社会的非難関係者と認められる者がいないことを誓約します。
I32: 【参加希望競争入札区分】
J33: 登録を希望する区分の「番号」に「〇」を付けてください。
L35: 1 | N35: 建設工事
L36: 2 | N36: 測量等
L37: 3 | N37: 物品調達
L38: 4 | N38: 役務の提供等
I42: 【書類作成者】 | R42: 事業所等名称
R44: 書類作成者氏名
AE46: 役員又は従業員以外の第三者が書類を作成した場合は、作成者の身分を証明する書類の写しを添付してください。
R48: 連絡先電話番号
R50: 連絡先メールアドレス
AF52: (第１号様式（その２））
B54: １ 申請者の詳細情報
C56: (1) 設立年月又は開業年月 | S56: 明 ・ 大 ・ 昭 ・ 平 ・ 令 | AL56: 年 | AP56: 月
C58: (2) 営業年数 | V58: 年
C60: (3) 資本金 | AB60: 千円
C62: (4) 総従業員数 | X62: 人
C64: (5) 市内本店又は営業所の有無 | S64: あり | W64: なし
C66: (6) 民事再生法又は会社更生法の適用の有無
F68: あり | J68: なし | V68: 再生（更生）手続きの開始を申し立てている。
V69: 再生（更生）手続きの開始が決定している。
V70: 再生（更生）計画の認可又は不認可が決定している。
V71: 再生（更生）手続きの終結の決定を受けている。
M73: 事実の発生日や事実の詳細が分かる以下の書類を、通常の提出書類と併せて追加提出してください。
N74: ・手続開始申出書 ・手続開始決定の通知書 ・開始決定及び手続移行の決定書
N75: ・手続終結決定の通知書 ・その他現在の手続状況を確認できる書類
N76: ※ 令和５年３月31日までに手続終結の決定を受けている場合は、「なし」を選択してください。
B79: ２ 委任先の設定の有無
C81: (1) | E81: 建設工事
F83: なし | J83: あり
F85: 郵便番号 | R85: －
F87: 住所又は所在地
F89: 支店等名称
F91: 受任者 | O91: 職名 | AC91: 氏名
F93: 連絡先 | O93: 電話 | AC93: ＦＡＸ
O94: メールアドレス
C96: (2) | E96: 測量等
F98: なし | J98: あり
F100: 郵便番号 | R100: －
F102: 住所又は所在地
F104: 支店等名称
F106: 受任者 | O106: 職名 | AC106: 氏名
F108: 連絡先 | O108: 電話 | AC108: ＦＡＸ
O109: メールアドレス
C112: (3) | E112: 物品調達
F114: なし | J114: あり
F116: 郵便番号 | R116: －
F118: 住所又は所在地
F120: 支店等名称
F122: 受任者 | O122: 職名 | AC122: 氏名
F124: 連絡先 | O124: 電話 | AC124: ＦＡＸ
O125: メールアドレス
C127: (4) | E127: 役務の提供等
F129: なし | J129: あり
F131: 郵便番号 | R131: －
F133: 住所又は所在地
F135: 支店等名称
F137: 受任者 | O137: 職名 | AC137: 氏名
F139: 連絡先 | O139: 電話 | AC139: ＦＡＸ
O140: メールアドレス

Sheet 第２号様式（委任状）
AC1: （第２号様式）
D3: 委 任 状
A5: 年 月 日
A7: 郡 山 市 長
H9: [住所又は所在地]
H11: [商号又は名称]
H13: [代表者職氏名]
A16: 私は、下記のとおり代理人を定め、下記事項等を委任します。
A18: 記
A20: １ 代理人の役職名等
B22: 住所又は所在地
B23: 営業所等名称
B24: 代理人職氏名
A26: ２ 委任する登録区分 | I26: （委任する登録区分の「□」に「✔」を付けてください。）
C28: 建設工事 | I28: 委任する業種
C32: 測量等
C34: 物品調達
C36: 役務の提供等
A38: ３ 委任事項 | F38: (1) | H38: 入札及び見積に関すること。
F39: (2) | H39: 契約の締結に関すること。
F40: (3) | H40: 契約の履行に関すること。
F41: (4) | H41: 代金の請求及び受領に関すること。
F42: (5) | H42: 復代理人選任に関すること。
F43: (6) | H43: その他(1)～(5)に付随する一切のこと。
A45: ４ 委任期間 | G45: 年 月 日 ～ 年 月 日

Sheet 第３号様式（登録希望業種等申請書）
AF1: (第３号様式）
A3: 建設工事における登録希望業種等申請書
A5: １ | C5: 主たる営業所の所在地
C7: 建設業許可申請時の主たる営業所の所在地について、該当する番号に「○」を付けてください。
E9: 1 | G9: 登記上の所在地に同じ
E10: 2 | G10: 登記上の所在地と相違 | R10: 「2」の場合、以下の欄に主たる営業所の所在地を記入してください。
C12: 郵便番号 | R12: －
C14: 住所又は所在地
C16: 電話番号 | Y16: ＦＡＸ番号
C18: メールアドレス
A20: ２ | C20: 登録希望業種情報
B22: (1) 「審査基準日」欄は、総合評定値通知書に記載のある審査基準日を転記してください。 (2) 業種コード表から、登録を希望する業種を最大７つまで選択し、①に記入してください。 (3) ②～⑦は、①で選択した登録希望業種に関する内容を総合評定値通知書から転記してください。 ⑥は、基幹技能者と二級技術者数の合算を記入してください。
B24: 審査基準日 | L24: 令和 | R24: 年 | V24: 月 | Z24: 日
C26: 業種コード表
B27: 01 | D27: 土木一式 | I27: 07 | K27: 屋根 | P27: 13 | R27: 舗装 | W27: 19 | Y27: 内装仕上 | AD27: 25 | AF27: 建具
B28: 02 | D28: 建築一式 | I28: 08 | K28: 電気 | P28: 14 | R28: しゅんせつ | W28: 20 | Y28: 機械器具設置 | AD28: 26 | AF28: 水道施設
B29: 03 | D29: 大工 | I29: 09 | K29: 管 | P29: 15 | R29: 板金 | W29: 21 | Y29: 熱絶縁 | AD29: 27 | AF29: 消防施設
B30: 04 | D30: 左官 | I30: 10 | K30: タイル・れんが・ ブロック | P30: 16 | R30: ガラス | W30: 22 | Y30: 電気通信 | AD30: 28 | AF30: 清掃施設
B31: 05 | D31: とび・土工・ コンクリート | I31: 11 | K31: 鋼構造物 | P31: 17 | R31: 塗装 | W31: 23 | Y31: 造園 | AD31: 29 | AF31: 解体
B32: 06 | D32: 石 | I32: 12 | K32: 鉄筋 | P32: 18 | R32: 防水 | W32: 24 | Y32: さく井
B34: ① | L34: ② | N34: ③ | R34: ④ | Z34: ⑤ | AD34: ⑥ | AH34: ⑦
B35: 業種 コード | D35: 建設業の種類 | L35: 許可 区分 | N35: 総合評定値 （Ｐ点） | R35: 平均完成工事高 （千円） | Z35: 一級 | AD35: 基幹・二級 | AH35: その他
E36: =IFERROR(VLOOKUP(B36,$B$44:$C$72,2,0),"")
E37: =IFERROR(VLOOKUP(B37,$B$44:$C$72,2,0),"")
E38: =IFERROR(VLOOKUP(B38,$B$44:$C$72,2,0),"")
E39: =IFERROR(VLOOKUP(B39,$B$44:$C$72,2,0),"")
E40: =IFERROR(VLOOKUP(B40,$B$44:$C$72,2,0),"")
E41: =IFERROR(VLOOKUP(B41,$B$44:$C$72,2,0),"")
E42: =IFERROR(VLOOKUP(B42,$B$44:$C$72,2,0),"")

Sheet 第４号様式（外注費計算表）
AL1: （第４号様式）
C3: 外注費計算表
A5: １ 経営事項審査の平均完成工事高
B7: (1) 登録を希望する業種名を「申請業種」欄へ記入してください。 (2) 「総合評定値通知書」から、当該業種における「平均完成工事高」を転記してください。
C9: 申請業種 | L9: 平均完成工事高（千円）･･･Ａ
C10: =IFERROR('第３号様式（登録希望業種等申請書）'!$E$36,"") | L10: =IFERROR('第３号様式（登録希望業種等申請書）'!R36,"") -> 0
C11: =IFERROR('第３号様式（登録希望業種等申請書）'!$E$37,"") | L11: =IFERROR('第３号様式（登録希望業種等申請書）'!R37,"") -> 0
C12: =IFERROR('第３号様式（登録希望業種等申請書）'!$E$38,"") | L12: =IFERROR('第３号様式（登録希望業種等申請書）'!R38,"") -> 0
C13: =IFERROR('第３号様式（登録希望業種等申請書）'!$E$39,"") | L13: =IFERROR('第３号様式（登録希望業種等申請書）'!R39,"") -> 0
C14: =IFERROR('第３号様式（登録希望業種等申請書）'!$E$40,"") | L14: =IFERROR('第３号様式（登録希望業種等申請書）'!R40,"") -> 0
C15: =IFERROR('第３号様式（登録希望業種等申請書）'!$E$41,"") | L15: =IFERROR('第３号様式（登録希望業種等申請書）'!R41,"") -> 0
C16: =IFERROR('第３号様式（登録希望業種等申請書）'!$E$42,"") | L16: =IFERROR('第３号様式（登録希望業種等申請書）'!R42,"") -> 0
A18: ２ 外注比率
B20: (1) 経営事項審査の平均完成工事高の平均年数を「」内に記入してください。 (2) 下表の「外注費」欄は、今回の入札参加資格審査申請における審査基準日の前期、前々期、前々 前期の決算に係る建設業財務諸表中「完成工事原価報告書」の外注費算定資料から、業種ごとに転 記してください。２年平均の場合、前々前期の外注費は記入不要です。
B22: 経営事項審査の平均完成工事高の平均年数 「 | AB22: 」
C24: 申請業種 | L24: 外注費（千円） | AD24: 平均（千円）･･･Ｂ | AO24: 外注比率 Ｂ÷Ａ
AD25: ２年平均：(①＋②)÷2
L26: ①前期 | R26: ②前々期 | X26: ③前々前期 | AD26: ３年平均：(①＋②＋③)÷3
C27: =IFERROR('第３号様式（登録希望業種等申請書）'!$E$36,"") | AD27: =IF(L27="","",BD27) | AO27: =IFERROR(ROUNDDOWN(AD27/L10*100,0),"") | AS27: ％ | BD27: =IF($W$22="３年平均",ROUNDDOWN(($L27+$R27+$X27)/3,0),ROUNDDOWN(($L27+$R27)/2,0)) -> 0
C28: =IFERROR('第３号様式（登録希望業種等申請書）'!$E$37,"") | AD28: =IF(L28="","",BD28) | AO28: =IFERROR(ROUNDDOWN(AD28/L11*100,0),"") | AS28: ％ | BD28: =IF($W$22="３年平均",ROUNDDOWN(($L28+$R28+$X28)/3,0),ROUNDDOWN(($L28+$R28)/2,0)) -> 0
C29: =IFERROR('第３号様式（登録希望業種等申請書）'!$E$38,"") | AD29: =IF(L29="","",BD29) | AO29: =IFERROR(ROUNDDOWN(AD29/L12*100,0),"") | AS29: ％ | BD29: =IF($W$22="３年平均",ROUNDDOWN(($L29+$R29+$X29)/3,0),ROUNDDOWN(($L29+$R29)/2,0)) -> 0
C30: =IFERROR('第３号様式（登録希望業種等申請書）'!$E$39,"") | AD30: =IF(L30="","",BD30) | AO30: =IFERROR(ROUNDDOWN(AD30/L13*100,0),"") | AS30: ％ | BD30: =IF($W$22="３年平均",ROUNDDOWN(($L30+$R30+$X30)/3,0),ROUNDDOWN(($L30+$R30)/2,0)) -> 0
C31: =IFERROR('第３号様式（登録希望業種等申請書）'!$E$40,"") | AD31: =IF(L31="","",BD31) | AO31: =IFERROR(ROUNDDOWN(AD31/L14*100,0),"") | AS31: ％ | BD31: =IF($W$22="３年平均",ROUNDDOWN(($L31+$R31+$X31)/3,0),ROUNDDOWN(($L31+$R31)/2,0)) -> 0
C32: =IFERROR('第３号様式（登録希望業種等申請書）'!$E$41,"") | AD32: =IF(L32="","",BD32) | AO32: =IFERROR(ROUNDDOWN(AD32/L15*100,0),"") | AS32: ％ | BD32: =IF($W$22="３年平均",ROUNDDOWN(($L32+$R32+$X32)/3,0),ROUNDDOWN(($L32+$R32)/2,0)) -> 0
C33: =IFERROR('第３号様式（登録希望業種等申請書）'!$E$42,"") | AD33: =IF(L33="","",BD33) | AO33: =IFERROR(ROUNDDOWN(AD33/L16*100,0),"") | AS33: ％ | BD33: =IF($W$22="３年平均",ROUNDDOWN(($L33+$R33+$X33)/3,0),ROUNDDOWN(($L33+$R33)/2,0)) -> 0
C35: ※「平均（千円）」欄は、千円未満を切り捨てて記入してください。 ※「外注比率」欄は、小数点以下を切り捨てて記入してください。

Sheet 第５号様式（主観的事項調書）
AE1: (第５号様式）
A2: 主観的事項申告調書
B4: ・「□」には該当する箇所に「✔」を、それ以外の欄は、直接記入してください。
B6: １ | D6: 新技術の登録又は活用の実績
B7: (1) | D7: 申請日時点における新技術情報提供システム（ＮＥＴＩＳ）への登録の有無
E9: ＮＥＴＩＳ登録
O10: あり | T10: なし
D13: ※要添付 | H13: 当該技術の概要に関する資料
B15: (2) | D15: 審査基準日の直前２年間にＮＥＴＩＳの登録工法・技術を活用した工事の施工実績の有無
E17: 工法・技術の活用
O18: あり | T18: なし
D21: ※要添付 | H21: 当該工事の施工概要が分かる竣工後カルテ（コリンズ・テクリズ）
B23: ２ | D23: 建設キャリアアップシステム（ＣＣＵＳ）の導入実績
D24: 申請日時点における事業所のＣＣＵＳの導入実績の有無
E26: ＣＣＵＳ導入
O27: あり | T27: なし
D30: ※要添付 | H30: 登録完了の際に送付される受付書の写し
B32: ３ | D32: ＢＩＭ／ＣＩＭモデル又はＩＣＴを活用した工事の施工実績
D33: 審査基準日の直前２年間に国又は地方公共団体とＢＩＭ／ＣＩＭモデル又はＩＣＴを活用
C34: した工事の施工実績の有無
E36: ＢＩＭ／ＣＩＭモデル活用した工事の施工実績
X37: あり | AC37: なし
E39: ＩＣＴを活用した工事の施工実績
X40: あり | AC40: なし
D43: ※要添付 | H43: 当該契約書及び仕様書又は証明書の写し
B45: ４ | D45: 災害協定の締結及び応急対応業務の実績
B46: (1) | D46: 申請日時点における市又は市上下水道局との災害時における応急対策業務の支援に関する協定
C47: 締結の有無又は締結している団体等の会員
E49: 災害協定の締結
O50: あり | T50: なし
B53: (2) | D53: 令和６年度及び令和７年度における市又は市上下水道局との災害時における応急対策業務の支援
C54: に関する協定に基づいた業務の実績
E56: 実績
O57: あり | T57: なし
D60: ※要添付 | H60: 締結団体等への加盟証明書（実績証明を含む。）（審査基準日以降に発行されたもの）
B62: ５ | D62: 除雪委託契約の締結
D63: 令和６年度及び令和７年度における市発注の除雪業務契約実績の有無（道路の除雪に限る）
E65: 除雪委託契約実績
Q66: 令和６年度 | W66: 令和７年度 | AC66: 両方 | AG66: なし
D69: ※要添付 | H69: 除雪業務委託契約書の写し（当該年度分）
B71: ６ | D71: 消防団員登録の状況
D72: 申請日時点において郡山市消防団に登録している従業員の有無
E74: 雇用実績
O75: あり | T75: なし
AA78: 人 | AB78: （11人まで申請可）
D80: ※要添付 | H80: ・雇用を確認できる資料の写し（健康保険・厚生年金保険被保険者標準報酬決定通知書等） ・別紙「郡山市消防団登録者名簿」
B83: ７ | D83: アイラブロード事業の活動実績
D84: 令和７年度におけるアイラブロード事業の活動実績の有無
E86: 活動実績
O87: あり | T87: なし
D90: ※要添付 | H90: アイラブロード事業活動報告書の写し
B92: ８ | D92: 刑務所出所者等協力雇用主としての登録
D93: 申請日時点における法務省福島保護観察所への協力雇用主としての登録の有無
E95: 協力雇用主登録
O96: あり | T96: なし
D99: ※要添付 | H99: 協力雇用主証明書の写し（審査基準日以降に発行されたもの）
B101: ９ | D101: 福島県次世代育成支援企業制度の認証
D102: 申請日時点における福島県次世代育成支援企業の認証の有無
E104: 「働く女性応援」の認証取得
W105: あり | AB105: なし
E107: 「仕事と生活の調和」の認証取得
W108: あり | AB108: なし
D111: ※要添付 | H111: 「働く女性応援」又は「仕事と生活の調和」の認証書の写し
B113: 10 | D113: 障がい者雇用の状況
D114: 申請日時点において継続して雇用している障がい者の有無
E116: 雇用状況
K117: 法定雇用障害者数が１人以上の場合でその人数と同数の障がい者を雇用している
K120: 法定雇用障害者数が１人以上の場合でその人数を超えて障がい者を雇用している
K123: 法定雇用障害者数が０人の場合で障がい者を雇用している
D126: ※要添付 | H126: 法定義務あり | N126: ・申請日直近の障害者雇用状況報告書（受付印のあるもの）の写し ・当該雇用者の労働者名簿又は雇用保険事業所別被保険者台帳の写し
H129: 法定義務なし | N129: ・身体障害者手帳等の写し（本人承諾の上提出） ・当該雇用者の労働者名簿又は雇用保険事業所別被保険者台帳の写し
B133: 11 | D133: 新卒者採用の状況
D134: 申請日時点において継続かつ常時雇用している新卒者の有無
E136: 雇用実績
O137: あり | T137: なし
AA140: 人 | AB140: （４人まで申請可）
D142: ※要添付 | H142: ・卒業証書又は卒業証明書の写し ・雇用を確認できる資料の写し（当該雇用者の労働者名簿又は雇用保険事業所別被保険 者台帳の写し等）
B146: 12 | D146: ふくしまゼロカーボン宣言事業への参加状況
B147: (1) | D147: 前年度末までのふくしまゼロカーボン宣言事業への参加の有無
E149: 事業への参加
O150: あり | T150: なし
D153: ※要添付 | H153: 事業への参加が確認できる書類
B155: (2) | D155: 審査基準日の直前２年間にふくしまゼロカーボン事業への取組による受賞の有無
E157: 受賞の実績
O158: あり | T158: なし
D161: ※要添付 | H161: 表彰状の写し
B163: 13 | D163: セーフコミュニティ活動推進事業所への参加登録
D164: 申請日時点におけるセーフコミュニティ活動推進事業所への参加登録の有無
E166: 活動推進事業所への参加登録
S167: あり | X167: なし
D170: ※要添付 | H170: 郡山市セーフコミュニティ活動参加登録決定通知書の写し
B172: 14 | D172: ふくしま健康経営優良事業所の認定
D173: 申請日時点におけるふくしま健康経営優良事業所認定の有無
E175: 健康経営優良事業所の認定
R176: あり | W176: なし
D179: ※要添付 | H179: 福島県から発出された認定通知書又は認定状の写し

Sheet 第６号様式（希望業種等申請書）
AT1: (第６号様式）
A3: 測量等における登録希望業種等申請書
A5: 分類 | D5: 業種 | G5: 業種（種目）名 | U5: 登録 | X5: 前期取扱高 | AG5: 前々期取扱高 | AP5: 平均年間取扱高 | AY5: 技術者数 （延べ人数）
D6: 番号 | U6: 希望 | X6: （千円） | AG6: （千円） | AP6: （千円）
A7: 測量等 | D7: 1 | G7: 測量サービス | AP7: =IFERROR(ROUNDDOWN(AVERAGE(X7:AO7),0),"") | BC7: 人
D8: 2 | G8: 建築設計・同関連サービス | AP8: =IFERROR(ROUNDDOWN(AVERAGE(X8:AO8),0),"") | BC8: 人
D9: 3 | G9: 建設コンサルタントサービス | BC9: 人
D10: 4 | G10: 地質調査サービス | AP10: =IFERROR(ROUNDDOWN(AVERAGE(X10:AO10),0),"") | BC10: 人
D11: 5 | G11: 補償コンサルタントサービス | AP11: =IFERROR(ROUNDDOWN(AVERAGE(X11:AO11),0),"") | BC11: 人
D12: 6 | G12: 不動産鑑定・土地家屋調査・登記手続 | AP12: =IFERROR(ROUNDDOWN(AVERAGE(X12:AO12),0),"") | BC12: 人
A14: ※ 登録を希望する業種に係る「登録希望」欄に「○」を付けてください。
A15: ※ 登録希望業種の営業年度ごとの取扱高（消費税抜き、千円未満切捨て）を記入してください。
A16: ※ 「平均年間取扱高」は、直近営業年度２か年度分の平均取扱高を小数点以下を切り捨てて記入してください。
A17: ※ 「技術者数」欄には上記で○を付けた業種に携わる技術者の延べ人数を記入してください。
A19: 【「2 建築設計・同関連サービス」に登録を希望する方のみ記入してください。】
C21: 「建築家賠償責任保険」への加入の有無及び保険金額
C22: １ | F22: 有 | J22: ２ | M22: 無 | Y22: 千円
C25: ※ 左欄は、該当する番号に「○」を付けてください。
C26: ※ 左欄が「１」の場合、右欄には事故１件当たりの保険金額（千円未満切捨て）を記入してください。

Sheet 第７号様式（審査調書）
AW1: (第７号様式）
A2: 測量等審査調書
A4: １ 測量等に係る申請者の登録部門
B5: （１）「１ 測量サービス」、「２ 建築設計・同関連サービス」及び「６ 不動産鑑定・土地家屋調査・登記手続」のうち
B6: いずれかに登録をする場合、申請者が受注を希望する部門に「○」を付けてください。
B7: 番号 | F7: 1 | L7: 2 | AV7: 6
B8: 大分類 | F8: 測量サービス | L8: 建築設計・同関連サービス | AV8: 不動産鑑定・土地家屋調査・登記手続
B9: 小分類 | F9: 測量一般 | H9: 地図の調製 | J9: 航空測量 | L9: 建築一般 | N9: 工事監理（建築） | P9: 建築積算 | R9: 計画 | T9: 意匠 | V9: 構造 | X9: 暖冷房 | Z9: 空調 | AB9: 衛生 | AD9: 電気 | AF9: 造園 | AH9: 機械設備積算 | AJ9: 工事監理（機械） | AL9: 電気設備積算 | AN9: 工事監理（電気） | AP9: 調査 | AR9: 耐震診断 | AT9: 地区計画及び 地域計画 | AV9: 不動産鑑定 | AX9: 土地家屋調査 | AZ9: 登記手続
B10: 希望
B12: （２）「３ 建設コンサルタントサービス」、「４ 地質調査サービス」及び「５補償コンサルタントサービス」に登録する場合、
C13: 申請者が営業上の登録を受けている部門に「○」を付けてください。
B14: 番号 | F14: 3 | AV14: 4
B15: 大分類 | F15: 建設コンサルタントサービス | AV15: 地質サービス
B16: 小分類 | F16: 河川、砂防及び海岸・海洋 | H16: 港湾及び空港 | J16: 電力土木 | L16: 道路 | N16: 鉄道 | P16: 上水道及び 工業用水道 | R16: 下水道 | T16: 農業土木 | V16: 森林土木 | X16: 水産土木 | Z16: 廃棄物 | AB16: 造園 | AD16: 都市計画及び 地方計画 | AF16: 地質 | AH16: 土質及び基礎 | AJ16: 鋼構造及び コンクリート | AL16: トンネル | AN16: 施工計画、施工 設備及び積算 | AP16: 建設環境 | AR16: 建設機械 | AT16: 電気電子 | AV16: 地質調査
B17: 登録
B19: 番号 | F19: 5
B20: 大分類 | F20: 補償コンサルタント
B21: 小分類 | F21: 土地調査 | H21: 土地評価 | J21: 物件 | L21: 機械工作物 | N21: 営業補償・ 特殊補償 | P21: 事業損失 | R21: 補償関連 | T21: 総合補償
B22: 登録

Sheet 第８号様式（実績調書）
Q1: （第８号様式）
A3: 契約実績調書
G5: 登録区分 | M5: 大分類名
G6: 測量等 | M6: 1 測量サービス
G7: その他の業務名
A10: １ | B10: 登録希望区分・大分類名ごとに本書を作成し、審査基準日の直前２営業年度分の完成業務について、営業年度ごとに契約金額等を記入してください。
A11: ２ | B11: 物品調達において、「30その他の物品」の「２その他」に登録する方は、「２その他」に記入した品目ごとに作成してください。
A12: ３ | B12: 役務の提供等において、「17その他の役務の提供等」の「７その他」に登録する方は、「７その他」に記入した業務ごとに作成してください。
A13: ４ | B13: できる限り官公庁との契約を優先して記入してください。
A15: 前期
A16: 業務名 | I16: 発注者名 | M16: 区分 | O16: 契約金額 （千円）
M17: 元請 | N17: 下請
A24: 前々期
A25: 業務名 | I25: 発注者名 | M25: 区分 | O25: 契約金額 （千円）
M26: 元請 | N26: 下請
A33: ※ 下請業務は、元請負業者を「発注者名」欄に、下請業務名を「業務名」欄に記入してください。 ※ 「区分」欄は、該当する区分に「○」を付けてください。

Sheet 第９号様式（測量等技術者資格一覧表）
AL1: （第９号様式）
A2: 測量等技術者資格一覧表
A4: １ 申請日現在の人数を記入してください。 ２ 複数の資格を持つ方がいる場合は、該当する全ての資格に記入してください。 ３ 登録希望業種に関係なく、各資格を有する方についての人数を記入してください。 ※ 無資格で実務経験のみの方は除きます。 ４ 支店等を委任先として設定する場合は、「人数」欄の（）に、委任先に在籍する人数も記入してください。
A6: 資格 コード | D6: 資格名称 | U6: 人数 | AA6: 資格 コード | AD6: 資格名称 | AU6: 人数
A7: 1 | D7: 測量士 | W7: ( | Y7: ) | AA7: 40 | AD7: 上下水道-上水道及び工業用水道 | AW7: ( | AY7: )
A8: 2 | D8: 測量士補 | W8: ( | Y8: ) | AA8: 41 | AD8: 上下水道-下水道 | AW8: ( | AY8: )
A9: 3 | D9: 不動産鑑定士 | W9: ( | Y9: ) | AA9: 42 | AD9: 上下水道-水道環境 | AW9: ( | AY9: )
A10: 4 | D10: 土地家屋調査士 | W10: ( | Y10: ) | AA10: 43 | AD10: 衛生工学-大気管理 | AW10: ( | AY10: )
A11: 5 | D11: 司法書士 | W11: ( | Y11: ) | AA11: 44 | AD11: 衛生工学-水質管理 | AW11: ( | AY11: )
A12: 6 | D12: 補償業務管理士 | W12: ( | Y12: ) | AA12: 45 | AD12: 衛生工学-廃棄物管理 | AW12: ( | AY12: )
A13: 7 | D13: 地質調査技士 | W13: ( | Y13: ) | AA13: 46 | AD13: 衛生工学-空気調和 | AW13: ( | AY13: )
A14: 8 | D14: １級土木施工管理技士 | W14: ( | Y14: ) | AA14: 47 | AD14: 衛生工学-建築環境 | AW14: ( | AY14: )
A15: 9 | D15: ２級土木施工管理技士 | W15: ( | Y15: ) | AA15: 48 | AD15: 農業-農業土木 | AW15: ( | AY15: )
A16: 10 | D16: 環境計量士（濃度関係） | W16: ( | Y16: ) | AA16: 49 | AD16: 森林-森林土木 | AW16: ( | AY16: )
A17: 11 | D17: 環境計量士（騒音・振動関係） | W17: ( | Y17: ) | AA17: 50 | AD17: 水産-水産土木 | AW17: ( | AY17: )
A18: 12 | D18: 第１種電気主任技術者 | W18: ( | Y18: ) | AA18: 51 | AD18: 応用理学-地質 | AW18: ( | AY18: )
A19: 13 | D19: 第１種伝送交換主任技術者 | W19: ( | Y19: ) | AA19: 技術士 機械部門
A20: 14 | D20: 線路主任技術者 | W20: ( | Y20: ) | AA20: 52 | AD20: 機械設計 | AW20: ( | AY20: )
A21: 技術士 総合技術監理部門 | AA21: 53 | AD21: 材料力学 | AW21: ( | AY21: )
A22: 15 | D22: 機械-機械設計 | W22: ( | Y22: ) | AA22: 54 | AD22: 機械力学・制御 | AW22: ( | AY22: )
A23: 16 | D23: 機械-材料力学 | W23: ( | Y23: ) | AA23: 55 | AD23: 動力エネルギー | AW23: ( | AY23: )
A24: 17 | D24: 機械-機械力学・制御 | W24: ( | Y24: ) | AA24: 56 | AD24: 熱工学 | AW24: ( | AY24: )
A25: 18 | D25: 機械-動力エネルギー | W25: ( | Y25: ) | AA25: 57 | AD25: 流体工学 | AW25: ( | AY25: )
A26: 19 | D26: 機械-熱工学 | W26: ( | Y26: ) | AA26: 58 | AD26: 交通・物流機械及び建設機械 | AW26: ( | AY26: )
A27: 20 | D27: 機械-流体工学 | W27: ( | Y27: ) | AA27: 59 | AD27: ロボット | AW27: ( | AY27: )
A28: 21 | D28: 機械-交通・物流機械及び建設機械 | W28: ( | Y28: ) | AA28: 60 | AD28: 情報・精密機器 | AW28: ( | AY28: )
A29: 22 | D29: 機械-ロボット | W29: ( | Y29: ) | AA29: 技術士 電気電子部門
A30: 23 | D30: 機械-情報・精密機器 | W30: ( | Y30: ) | AA30: 61 | AD30: 発送配変電 | AW30: ( | AY30: )
A31: 24 | D31: 電気電子-発送配変電 | W31: ( | Y31: ) | AA31: 62 | AD31: 電気応用 | AW31: ( | AY31: )
A32: 25 | D32: 電気電子-電気応用 | W32: ( | Y32: ) | AA32: 63 | AD32: 電子応用 | AW32: ( | AY32: )
A33: 26 | D33: 電気電子-電子応用 | W33: ( | Y33: ) | AA33: 64 | AD33: 情報通信 | AW33: ( | AY33: )
A34: 27 | D34: 電気電子-情報通信 | W34: ( | Y34: ) | AA34: 65 | AD34: 電気設備 | AW34: ( | AY34: )
A35: 28 | D35: 電気電子-電気設備 | W35: ( | Y35: ) | AA35: 技術士 建設部門
A36: 29 | D36: 建設-土質及び基礎 | W36: ( | Y36: ) | AA36: 66 | AD36: 土質及び基礎 | AW36: ( | AY36: )
A37: 30 | D37: 建設-鋼構造及びコンクリート | W37: ( | Y37: ) | AA37: 67 | AD37: 鋼構造及びコンクリート | AW37: ( | AY37: )
A38: 31 | D38: 建設-都市及び地方計画 | W38: ( | Y38: ) | AA38: 68 | AD38: 都市及び地方計画 | AW38: ( | AY38: )
A39: 32 | D39: 建設-河川、砂防及び海岸・海洋 | W39: ( | Y39: ) | AA39: 69 | AD39: 河川、砂防及び海岸・海洋 | AW39: ( | AY39: )
A40: 33 | D40: 建設-港湾及び空港 | W40: ( | Y40: ) | AA40: 70 | AD40: 港湾及び空港 | AW40: ( | AY40: )
A41: 34 | D41: 建設-電力土木 | W41: ( | Y41: ) | AA41: 71 | AD41: 電力土木 | AW41: ( | AY41: )
A42: 35 | D42: 建設-道路 | W42: ( | Y42: ) | AA42: 72 | AD42: 道路 | AW42: ( | AY42: )
A43: 36 | D43: 建設-鉄道 | W43: ( | Y43: ) | AA43: 73 | AD43: 鉄道 | AW43: ( | AY43: )
A44: 37 | D44: 建設-トンネル | W44: ( | Y44: ) | AA44: 74 | AD44: トンネル | AW44: ( | AY44: )
A45: 38 | D45: 建設-施工計画、施工設備及び積算 | W45: ( | Y45: ) | AA45: 75 | AD45: 施工計画、施工設備及び積算 | AW45: ( | AY45: )
A46: 39 | D46: 建設-建設環境 | W46: ( | Y46: ) | AA46: 76 | AD46: 建設環境 | AW46: ( | AY46: )
A49: 資格 コード | D49: 資格名称 | U49: 人数 | AA49: 資格 コード | AD49: 資格名称 | AU49: 人数
A50: 技術士 上下水道部門 | AA50: 前記以外の資格
A51: 77 | D51: 上下水道及び工業用水道 | W51: ( | Y51: ) | AA51: 111 | AD51: 構造設計１級建築士 | AW51: ( | AY51: )
A52: 78 | D52: 下水道 | W52: ( | Y52: ) | AA52: 112 | AD52: 設備設計１級建築士 | AW52: ( | AY52: )
A53: 79 | D53: 水道環境 | W53: ( | Y53: ) | AA53: 113 | AD53: １級建築士 | AW53: ( | AY53: )
A54: 技術士 衛生工学部門 | AA54: 114 | AD54: ２級建築士 | AW54: ( | AY54: )
A55: 80 | D55: 大気管理 | W55: ( | Y55: ) | AA55: 115 | AD55: 建築設備士（建築設備資格者） | AW55: ( | AY55: )
A56: 81 | D56: 水質管理 | W56: ( | Y56: ) | AA56: 116 | AD56: 建築積算士（建築積算資格者） | AW56: ( | AY56: )
A57: 82 | D57: 廃棄物管理 | W57: ( | Y57: ) | AA57: 117 | AD57: 土地区画整理士 | AW57: ( | AY57: )
A58: 83 | D58: 空気調和 | W58: ( | Y58: ) | AA58: 118 | AD58: 不動産鑑定士補 | AW58: ( | AY58: )
A59: 84 | D59: 建築環境 | W59: ( | Y59: ) | AA59: 119 | AD59: 公共用地取得実務経験者 | AW59: ( | AY59: )
A60: 技術士 農業部門 | AA60: 120 | AD60: 日本下水道事業団法施行令第４条第１項に定める技術検定（第１種技術検定合格） | AW60: ( | AY60: )
A61: 85 | D61: 農業土木 | W61: ( | Y61: )
A62: 技術士 森林部門 | AA62: 121 | AD62: 日本下水道事業団法施行令第４条第１項に定める技術検定（第２種技術検定合格） | AW62: ( | AY62: )
A63: 86 | D63: 森林土木 | W63: ( | Y63: )
A64: 技術士 水産部門 | AA64: 122 | AD64: 下水道法施行令第15条のうち、第１号から第６号に定める資格を有する者 | AW64: ( | AY64: )
A65: 87 | D65: 水産土木 | W65: ( | Y65: )
A66: 技術士 応用理学部門 | AA66: 123 | AD66: その他の資格（ ） | AW66: ( | AY66: )
A67: 88 | D67: 地質 | W67: ( | Y67: ) | AD67: その他の資格（ ） | AW67: ( | AY67: )
A68: ＲＣＣＭ | AD68: その他の資格（ ） | AW68: ( | AY68: )
A69: 89 | D69: 河川、砂防及び海岸・海洋 | W69: ( | Y69: )
A70: 90 | D70: 港湾及び空港 | W70: ( | Y70: )
A71: 91 | D71: 電力土木 | W71: ( | Y71: )
A72: 92 | D72: 道路 | W72: ( | Y72: )
A73: 93 | D73: 鉄道 | W73: ( | Y73: )
A74: 94 | D74: 上水道及び工業用水道 | W74: ( | Y74: )
A75: 95 | D75: 下水道 | W75: ( | Y75: )
A76: 96 | D76: 農業土木 | W76: ( | Y76: )
A77: 97 | D77: 森林土木 | W77: ( | Y77: )
A78: 98 | D78: 造園 | W78: ( | Y78: )
A79: 99 | D79: 都市及び地方計画 | W79: ( | Y79: )
A80: 100 | D80: 地質 | W80: ( | Y80: )
... A90: 110 | D90: 建設情報 | W90: ( | Y90: )

Sheet 第10号様式（物品の購入等申請書）
AE1: （第10号様式）
A3: 物品調達における登録希望種目等申請書
A5: １ 登録希望種目
B7: 順位 | E7: 大分類 | O7: 小分類 | Z7: 取扱品目（品名を具体的に記入）
B8: 1
B13: 2
B18: 3
B23: 4
B29: ※ 登録を希望する種目（大分類）を希望する順に最大４位まで記入してください。
B30: ※ 種目（大分類）ごとに取扱可能な営業品目（小分類）をすべて記入し、納入できる取扱品目を具体的に記入
B31: してください。
A33: ２ 取扱メーカー等
B35: 代理店・特約店等 | AA35: その他取扱メーカー
B36: 代理店・特約店等区分 | P36: 契約相手方
B46: ※ 代理店、特約店等になっている場合は、その契約書または証明書等の写しを添付してください。
B47: ※ その他取扱メーカーがある場合には、なるべく多く記入してください。
A49: ３ 年間取扱高
AR50: （単位：千円）
U52: 前期取扱高 | AF52: 前々期取扱高 | AQ52: 平均年間取扱高
B53: 登録希望種目の順位 （上記１の順位） | O53: 第１位
O54: 第２位
O55: 第３位
O56: 第４位
B58: ※ 登録希望種目（大分類）の営業年度ごとの取扱高（消費税抜き、千円未満切捨て）を記入してください。 | BG58: ※ 各希望種目の審査基準日の直前２営業年度分の取扱高（消費税抜き・千円未満切捨て）を記載してください。
B59: ※ 「平均年間取扱高」は、直近営業年度２か年度分の平均取扱高を小数点以下を切り捨てて記入してください。
A62: ４ 登録希望種目に関する許認可等
B64: 許認可等名称
B76: ※ 登録希望種目（大分類）に関して取得している許可、認可、登録等について記入してください。
B77: ※ 記載した許認可等の証明書等の写しを添付してください。

Sheet 第11号様式（印刷業者調査票）
K1: （第11号様式）
A2: 印刷物取扱等調査票
F4: 業者番号 | J4: 印刷登録順位
F5: 商号又は名称
A7: 印刷・製本に登録を希望する場合は、次の１から３までの項目に記入の上、必ず提出してください。
A9: １ 取扱いのできる印刷物に関する事項
B10: ※取扱い可能な場合は、記入欄に「○」を付けてください。
B11: 印刷区分 | G11: 記入欄 | I11: 印刷区分 | K11: 記入欄
B12: 一 般 | C12: 単頁物 (ﾁﾗｼ・ﾎﾟｽﾀｰ･ﾊﾟﾝﾌﾚｯﾄ等） | F12: 単色 | I12: シルク
F13: ４色 | I13: シール
F14: ５色以上 | I14: カード
C15: 複数頁物 （冊子・製本ﾊﾟﾝﾌﾚｯﾄ等） | F15: 単色 | I15: 偽造防止用紙
F16: ４色 | I16: ＢＰコート紙
F17: ５色以上 | I17: オンデマンド
C18: 複写帳票 （ｶｰﾎﾞﾝ・ﾉﾝｶｰﾎﾞﾝ等） | F18: 単色 | I18: 地図調整
F19: ４色 | I19: 段ボール
F20: 減感インキ | I20: 名刺葉書
B21: 封筒 | D21: 既製封筒 | I21: 点字
D22: 別注封筒（窓あき封筒含む） | I22: ＳＰコード
B23: その他取扱可能なものがあれば右欄に記入してください。
A25: ２ 用紙・インキの利用権の取得状況
B26: ※取得済のものには、記入欄に「○」をつけてください。
B27: 用紙 | E27: 記入欄 | G27: インキ | J27: 記入欄
B28: FSC森林認証紙マーク | G28: ベジタブルインキマーク
B29: （ ）マーク | G29: ノンＶＯＣインキマーク
B30: （ ）マーク | G30: （ ）マーク
A32: ３ 印刷工程に関する事項
B33: ※各工程ごとに「外注」、「自社」又は両方の欄に「○」をつけ、自社の場合、所有している機器名称を 記入してください。
B34: 工程 | C34: 外注 | D34: 自社 | E34: 機器名称
B35: プリプレス | E35: （例）パソコン・スキャナ・CTPシステム・PS版自動現像機・カラーレーザープリンタなど
B38: 工程 | C38: 外注 | D38: 自社 | E38: 機器名称
B39: 印刷業務 | E39: （例）菊全判4色オフセット輪転機・A3判4色オンデマンド印刷機・4色名刺葉書印刷機など
B42: 工程 | C42: 外注 | D42: 自社 | E42: 機器名称
B43: 製本業務 | E43: （例）裁断機・紙折機・帳合機・ミシン機・穿孔機など

Sheet 第12号様式（申請書）
F1: （第12号様式）
A3: 役務の提供等における登録希望業種等申請書
F5: （単位：千円）
A6: 業種名 | C6: 登録 | D6: 前期年間取扱高 | E6: 前々期年間取扱高 | F6: 平均年間取扱高
C7: 希望
A8: 1 | B8: デザイン・広告・イベント | E8: =IFERROR(ROUNDDOWN(AVERAGE(#REF!),0),"") | F8: =IFERROR(ROUNDDOWN(AVERAGE(#REF!),0),"")
A9: 2 | B9: 映像・写真・図面等製作 | D9: =IFERROR(ROUNDDOWN(AVERAGE(#REF!),0),"") | E9: =IFERROR(ROUNDDOWN(AVERAGE(#REF!),0),"") | F9: =IFERROR(ROUNDDOWN(AVERAGE(#REF!),0),"")
A10: 3 | B10: 調査・測定業務 | D10: =IFERROR(ROUNDDOWN(AVERAGE(#REF!),0),"") | E10: =IFERROR(ROUNDDOWN(AVERAGE(#REF!),0),"") | F10: =IFERROR(ROUNDDOWN(AVERAGE(#REF!),0),"")
A11: 4 | B11: 通信サービス・ソフトウェア開発 | D11: =IFERROR(ROUNDDOWN(AVERAGE(#REF!),0),"") | E11: =IFERROR(ROUNDDOWN(AVERAGE(#REF!),0),"") | F11: =IFERROR(ROUNDDOWN(AVERAGE(#REF!),0),"")
A12: 5 | B12: 賃貸借・リース・レンタル | D12: =IFERROR(ROUNDDOWN(AVERAGE(#REF!),0),"") | E12: =IFERROR(ROUNDDOWN(AVERAGE(#REF!),0),"") | F12: =IFERROR(ROUNDDOWN(AVERAGE(#REF!),0),"")
A13: 6 | B13: 建物設備保守・点検・管理 | D13: =IFERROR(ROUNDDOWN(AVERAGE(#REF!),0),"") | E13: =IFERROR(ROUNDDOWN(AVERAGE(#REF!),0),"") | F13: =IFERROR(ROUNDDOWN(AVERAGE(#REF!),0),"")
A14: 7 | B14: 道路・公園・体育施設等保守・点検・管理 | D14: =IFERROR(ROUNDDOWN(AVERAGE(#REF!),0),"") | E14: =IFERROR(ROUNDDOWN(AVERAGE(#REF!),0),"") | F14: =IFERROR(ROUNDDOWN(AVERAGE(#REF!),0),"")
A15: 8 | B15: 機器保守・点検・管理 | D15: =IFERROR(ROUNDDOWN(AVERAGE(#REF!),0),"") | E15: =IFERROR(ROUNDDOWN(AVERAGE(#REF!),0),"") | F15: =IFERROR(ROUNDDOWN(AVERAGE(#REF!),0),"")
A16: 9 | B16: 建物清掃・害虫駆除 | D16: =IFERROR(ROUNDDOWN(AVERAGE(#REF!),0),"") | E16: =IFERROR(ROUNDDOWN(AVERAGE(#REF!),0),"") | F16: =IFERROR(ROUNDDOWN(AVERAGE(#REF!),0),"")
A17: 10 | B17: 警備・受付 | D17: =IFERROR(ROUNDDOWN(AVERAGE(#REF!),0),"") | E17: =IFERROR(ROUNDDOWN(AVERAGE(#REF!),0),"") | F17: =IFERROR(ROUNDDOWN(AVERAGE(#REF!),0),"") | I17: ※
A18: 11 | B18: 廃棄物処理 | D18: =IFERROR(ROUNDDOWN(AVERAGE(#REF!),0),"") | E18: =IFERROR(ROUNDDOWN(AVERAGE(#REF!),0),"") | F18: =IFERROR(ROUNDDOWN(AVERAGE(#REF!),0),"") | I18: ※
A19: 12 | B19: 運搬・保管・旅客運送 | D19: =IFERROR(ROUNDDOWN(AVERAGE(#REF!),0),"") | E19: =IFERROR(ROUNDDOWN(AVERAGE(#REF!),0),"") | F19: =IFERROR(ROUNDDOWN(AVERAGE(#REF!),0),"")
A20: 13 | B20: 車両・船舶等点検・整備 | D20: =IFERROR(ROUNDDOWN(AVERAGE(#REF!),0),"") | E20: =IFERROR(ROUNDDOWN(AVERAGE(#REF!),0),"") | F20: =IFERROR(ROUNDDOWN(AVERAGE(#REF!),0),"")
A21: 14 | B21: 医療・福祉・給食 | D21: =IFERROR(ROUNDDOWN(AVERAGE(#REF!),0),"") | E21: =IFERROR(ROUNDDOWN(AVERAGE(#REF!),0),"") | F21: =IFERROR(ROUNDDOWN(AVERAGE(#REF!),0),"")
A22: 15 | B22: クリーニング | D22: =IFERROR(ROUNDDOWN(AVERAGE(#REF!),0),"") | E22: =IFERROR(ROUNDDOWN(AVERAGE(#REF!),0),"") | F22: =IFERROR(ROUNDDOWN(AVERAGE(#REF!),0),"")
A23: 16 | B23: 翻訳・通訳・速記等 | D23: =IFERROR(ROUNDDOWN(AVERAGE(#REF!),0),"") | E23: =IFERROR(ROUNDDOWN(AVERAGE(#REF!),0),"") | F23: =IFERROR(ROUNDDOWN(AVERAGE(#REF!),0),"")
A24: 17 | B24: その他の役務の提供等 | D24: =IFERROR(ROUNDDOWN(AVERAGE(#REF!),0),"") | E24: =IFERROR(ROUNDDOWN(AVERAGE(#REF!),0),"") | F24: =IFERROR(ROUNDDOWN(AVERAGE(#REF!),0),"")
A26: ※ 登録を希望する業種の「登録希望」欄に、「○」を付けてください。
A27: ※ 登録希望業種の営業年度ごとの取扱高（消費税抜き、千円未満切捨て）を記入してください。
A28: ※ 「平均年間取扱高」は、直近営業年度２か年度分の平均取扱高を小数点以下を切り捨てて記入してください。
A29: ※ 各業種（大分類）において「その他」を選択した場合は、主な業務内容を「登録希望業種に係る受注可能業務調書（第13号 様式）」へ記入してください。
A33: 業種 | C33: 業種名
A34: 番号
A35: 1 | C35: 冷暖房設備運転監視
A36: 2 | C36: 冷暖房設備保守点検
A37: 5 | C37: 自家用電気工作物保守点検
A38: 6 | C38: 消防設備保守点検
A39: 7 | C39: 昇降機保守点検
A40: 8 | C40: 自動ドア保守点検
A41: 9 | C41: 監視テレビ保守点検
A42: 10 | C42: 音響・視聴覚設備保守点検
A43: 12 | C43: 厨房機器保守点検
A44: 13 | C44: 舞台装置保守点検
A45: 15 | C45: 無線電話設備保守点検
A46: 16 | C46: 浄化槽保守管理
... A73: 47 | C73: 火葬炉設備保守点検

Sheet 第13号様式（受注可能業務調書）
G1: （第13号様式）
A2: 登録希望業種に係る受注可能業務調書
A4: ※ 登録を希望する大分類において、小分類（その他）を選択した場合、受注可能な業務の内容を記入してください。
B6: 【例】警備・受付：不法投棄物監視業務、プール監視業務 等
A7: 大分類 | C7: 受注可能業務 | E7: 大分類 | G7: 受注可能業務 | I7: 大分類 | K7: 受注可能業務 | L7: 前期年間取扱高 | M7: 前々期年間取扱高 | N7: 平均年間取扱高
A8: 1 | B8: デザイン・広告・イベント | E8: 5 | F8: 賃貸借・リース・レンタル | I8: 17 | J8: その他の役務の提供等
A15: 2 | B15: 映像・写真・図面等製作 | E15: 6 | F15: 建物設備保守・点検・管理 | I15: ※ 「17その他の役務の提供等」の「７その他」に登録する方は、受注可能な業務の内容を記入するとともに、受注可能業務の 営業年度ごとの取扱高（消費税抜き、千円未満切捨て）を記入してください。 ※ 「平均年間取扱高」は、直近営業年度２か年度分の平均取扱高を小数点以下を切り捨てて記入してください。
A22: 3 | B22: 調査・測定業務 | E22: 7 | F22: 道路・公園・体育施設等保守・点検・管理
A29: 4 | B29: 通信サービス・ソフトウェア開発 | E29: 8 | F29: 機器保守・点検・管理
A37: 大分類 | C37: 受注可能業務 | E37: 大分類 | G37: 受注可能業務
A38: 9 | B38: 建物清掃・害虫駆除 | E38: 13 | F38: 車両・船舶等点検・整備
A45: 10 | B45: 警備・受付 | E45: 14 | F45: 医療・福祉・給食
A52: 11 | B52: 廃棄物処理 | E52: 15 | F52: クリーニング
A59: 12 | B59: 運搬・保管・旅客運送 | E59: 16 | F59: 翻訳・通訳・速記等

Sheet 第14号様式（必須資格）
E1: （第14号様式）
B2: 必須資格等一覧表
B3: １ 登録を希望する業種（大分類）及び業務（小分類）の番号に「○」を付けてください。 ２ 提出する資格等の確認欄にチェック（✔）を記入し、資格者証等の写し（１名分）を添付してください。
A4: 大分類 | B4: 小分類 | C4: 小分類名 | E4: 資格等名称 | F4: 申請者 確認欄 | G4: 市 確認欄
A6: 1 | B6: 5 | C6: 屋外広告サービス（交通広告サービスを除く） | E6: 【登録】屋外広告業登録通知書 | F6: □ | G6: □ | H6: □
B7: 6 | C7: 交通広告サービス
A8: 3 | B8: 2 | C8: 環境計量証明サービス | D8: ばい煙測定・排気ガス測定 （右記資格等すべて） | E8: 【許可】計量証明事業登録証 （濃度） | F8: □ | G8: □ | H8: □
E9: 【資格】計量士登録証 （環境計量士） | F9: □ | G9: □ | H9: □
D10: 粉じん測定 （右記資格等のうち１つ以上） | E10: 【登録】建築物空気環境測定業登録証明書 | F10: □ | G10: □ | H10: □
E11: 【資格】第一種作業環境測定士（鉱物性粉じん） | F11: □ | G11: □ | H11: □
D12: 水質検査 （右記資格等のうち１つ以上） | E12: 【登録】建築物飲料水水質検査業登録証明書 | F12: □ | G12: □ | H12: □
E13: 【登録】登録水質検査機関 （水道法第20条第３項に基づく登録） | F13: □ | G13: □ | H13: □
E14: 【資格】建築物環境衛生管理技術者 | F14: □ | G14: □ | H14: □
D15: 上記以外のサービス （右記資格等のうち１つ以上） | E15: 【登録】建築物空気環境測定業登録証明書 | F15: □ | G15: □ | H15: □
E16: 【登録】建築物環境衛生総合管理業登録証明書 | F16: □ | G16: □ | H16: □
E17: 【資格】空気環境測定実施者 （講習会修了証書） | F17: □ | G17: □ | H17: □
E18: 【資格】建築物環境衛生管理技術者 | F18: □ | G18: □ | H18: □
E19: 【資格】計量士登録証 （環境計量士） | F19: □ | G19: □ | H19: □
E20: 【許可】計量証明事業登録証 | F20: □ | G20: □ | H20: □
A21: 5 | B21: 2 | C21: 医療用機器のリース・レンタル | D21: （右記資格等のうち１つ以上） | E21: 【許可】高度管理医療機器等販売業・貸与業許可証 | F21: □ | G21: □ | H21: □
E22: 【登録】管理医療機器販売業・貸与業届出書 | F22: □ | G22: □ | H22: □
E23: 【許可】医療機器修理業許可証 | F23: □ | G23: □ | H23: □
A24: 6 | B24: 2 | C24: 空調設備保全管理 | D24: （右記資格すべて） | E24: 【資格】ボイラー技士 （特級～二級） | F24: □ | G24: □ | H24: □
E25: 【資格】危険物取扱者 （甲種～丙種） | F25: □ | G25: □ | H25: □
B26: 3 | C26: 消防設備保全管理 | D26: 消防設備点検 （右記資格等のうち１つ以上） | E26: 【資格】消防設備士 （甲種・乙種） | F26: □ | G26: □ | H26: □
E27: 【資格】消防設備点検資格者 （第一種・第二種） | F27: □ | G27: □ | H27: □
D28: 防火設備点検 （右記資格等のうち１つ以上） | E28: 【資格】建築士（一級・二級） | F28: □ | G28: □ | H28: □
E29: 【資格】防火設備検査員 | F29: □ | G29: □ | H29: □
B30: 4 | C30: 昇降機設備保全管理 | E30: 【資格】昇降機等検査員 | F30: □ | G30: □ | H30: □
B31: 7 | C31: 自家用電気工作物保守点検 | D31: （右記資格のうち１つ以上） | E31: 【資格】電気主任技術者 （第一種～第三種） | F31: □ | G31: □ | H31: □
E32: 【資格】電気工事士 （第一種） | F32: □ | G32: □ | H32: □
B33: 9 | C33: 下水処理サービス | E33: 【許可】下水道処理施設維持管理業者登録証 | F33: □ | G33: □ | H33: □
B34: 11 | C34: その他（地下タンク漏洩検査） | D34: （右記資格等すべて） | E34: 【登録】地下タンク等定期点検事業者認定証 | F34: □ | G34: □ | H34: □
E35: 【資格】地下タンク等定期点検技術者講習修了証 | F35: □ | G35: □ | H35: □
A36: 8 | B36: 1 | C36: 医療用機器保守・管理サービス | D36: （右記資格等のうち１つ以上） | E36: 【許可】高度管理医療機器等販売業・貸与業許可証 | F36: □ | G36: □ | H36: □
E37: 【登録】管理医療機器販売業・貸与業届出書 | F37: □ | G37: □ | H37: □
E38: 【許可】医療機器修理業許可証 | F38: □ | G38: □ | H38: □
A39: 9 | B39: 2 | C39: 建物清掃サービス | D39: （右記資格等のうち１つ以上） | E39: 【登録】建築物清掃業登録証明書 | F39: □ | G39: □ | H39: □
E40: 【資格】清掃作業監督者 （講習会修了証書） | F40: □ | G40: □ | H40: □
B41: 5 | C41: 建物飲料水貯水槽清掃 | D41: （右記資格等のうち１つ以上） | E41: 【登録】建築物飲料水貯水槽清掃業登録証明書 | F41: □ | G41: □ | H41: □
E42: 【資格】貯水槽清掃作業監督者 （講習会修了証書） | F42: □ | G42: □ | H42: □
B43: 6 | C43: 建物ねずみ昆虫等防除 | D43: （右記資格等のうち１つ以上） | E43: 【登録】建築物ねずみ昆虫等防除業登録証明書 | F43: □ | G43: □ | H43: □
E44: 【資格】防除作業監督者 （講習会修了証書） | F44: □ | G44: □ | H44: □
A45: 10 | B45: 1 | C45: 機械警備サービス | D45: （右記資格等すべて） | E45: 【許可】警備業者認定標識 | F45: □ | G45: □ | H45: □
E46: 【許可】福島県公安委員会への営業所設置等届出書 ※県外事業者のみ | F46: □ | G46: □ | H46: □
E47: 【資格】機械警備業務管理者資格者証 | F47: □ | G47: □ | H47: □
B48: 2 | C48: 常駐警備サービス | E48: 【許可】警備業者認定標識 | F48: □ | G48: □ | H48: □
E49: 【許可】福島県公安委員会への営業所設置等届出書 ※県外事業者のみ | F49: □ | G49: □ | H49: □
A50: 11 | B50: 1 | C50: し尿処理サービス | D50: ※福島県又は郡山市が許可したものに限る | E50: 【許可】一般廃棄物収集運搬業許可証（し尿） | F50: □ | G50: □ | H50: □
B51: 2 | C51: 浄化槽清掃サービス | D51: ※郡山市が許可したものに限る | E51: 【許可】浄化槽清掃業許可証 | F51: □ | G51: □ | H51: □
B52: 3 | C52: 浄化槽保守点検サービス | E52: 【許可】浄化槽保守点検業者登録証 | F52: □ | G52: □ | H52: □
B53: 4 | C53: ごみ収集運搬サービス | D53: ※福島県又は郡山市が許可したものに限る | E53: 【許可】一般廃棄物収集運搬業許可証 | F53: □ | G53: □ | H53: □
B54: 5 | C54: ごみ処分サービス | E54: 【許可】一般廃棄物処分業許可証 | F54: □ | G54: □ | H54: □
B55: 6 | C55: 産業廃棄物収集運搬サービス | E55: 【許可】産業廃棄物収集運搬業許可証 | F55: □ | G55: □ | H55: □
B56: 7 | C56: 特別管理産業廃棄物収集運搬サービス | E56: 【許可】特別管理産業廃棄物収集運搬業許可証 | F56: □ | G56: □ | H56: □
B57: 8 | C57: 産業廃棄物処分サービス | E57: 【許可】産業廃棄物処分業許可証 | F57: □ | G57: □ | H57: □
B58: 9 | C58: 特別管理産業廃棄物処分サービス | E58: 【許可】特別管理産業廃棄物処分業許可証 | F58: □ | G58: □ | H58: □
A59: 12 | B59: 1 | C59: 貨物自動車運送サービス（引越サービス、宅配便サービスを除く） | D59: （右記資格のうち１つ以上） | E59: 【許可】貨物自動車運送事業許可 （特定・一般） 【登録】貨物軽自動車運送事業届出 【許可】貨物利用運送事業許可 | F59: □ | G59: □ | H59: □
B60: 2 | C60: 美術品・貴重品輸送サービス
B61: 3 | C61: 引越サービス
B62: 4 | C62: 宅配便サービス
B63: 7 | C63: 旅客輸送サービス | D63: （右記資格のうち１つ以上） | E63: 【許可】一般乗合旅客自動車運送事業の経営の許可書 | F63: □ | G63: □ | H63: □
E64: 【許可】一般乗用旅客自動車運送事業の経営の許可書 | F64: □ | G64: □ | H64: □
E65: 【許可】一般貸切旅客自動車運送事業の経営の許可書 | F65: □ | G65: □ | H65: □
E66: 【許可】特定旅客自動車運送事業の経営の許可書 | F66: □ | G66: □ | H66: □
B67: 8 | C67: 旅行サービス | D67: （右記資格のうち１つ以上） | E67: 【許可】旅行業許可 | F67: □ | G67: □ | H67: □
E68: 【登録】旅行業者代理業 | F68: □ | G68: □ | H68: □
A69: 17 | B69: 6 | C69: 選挙ポスター掲示場設置 | E69: 【登録】屋外広告業登録通知書 | F69: □ | G69: □ | H69: □

Sheet 第15号様式（変更届）
B1: （第15号様式）
B3: 競争入札参加資格審査申請事項変更届
B5: 年 月 日
B6: 郡 山 市 長
D10: 住所又は所在地
D11: 商号又は名称
D12: 代表者職氏名
D13: 法人番号
B15: 変 更
B16: 下記のとおり したので届出します。
B17: 廃 業
B19: 記
B20: １ 登録区分
B21: □ 建設工事 （業者番号： ）
B22: □ 測量等 （業者番号： ）
B23: □ 物品調達 （業者番号： ）
B24: □ 役務の提供等 （業者番号： ）
B26: ２ 変更事項
B27: 変更（廃業）事項 | C27: 変更前 | D27: 変更後 | E27: 変更年月日
B31: 入札参加受付番号

Sheet （別紙）郡山市消防団名簿
AA1: 別紙
A2: 郡山市消防団登録者名簿
B4: 第５号様式主観的事項調書で、郡山市消防団員の雇用実績を「あり」にした場合には、
B5: この用紙に必要事項を記入し提出してください。
E7: 従業員氏名
E8: 生年月日 | K8: 年 月 日
E9: 住所
E10: 地区隊名等
E11: 従業員氏名
E12: 生年月日 | K12: 年 月 日
E13: 住所
E14: 地区隊名等
E15: 従業員氏名
E16: 生年月日 | K16: 年 月 日
E17: 住所
E18: 地区隊名等
E19: 従業員氏名
E20: 生年月日 | K20: 年 月 日
C21: 11 | E21: 住所
E22: 地区隊名等
C23: 人 | E23: 従業員氏名
E24: 生年月日 | K24: 年 月 日
C25: ま | E25: 住所
E26: 地区隊名等
C27: で | E27: 従業員氏名
E28: 生年月日 | K28: 年 月 日
C29: 記 | E29: 住所
E30: 地区隊名等
C31: 入 | E31: 従業員氏名
E32: 生年月日 | K32: 年 月 日
C33: 可 | E33: 住所
E34: 地区隊名等
C35: 能 | E35: 従業員氏名
E36: 生年月日 | K36: 年 月 日
E37: 住所
E38: 地区隊名等
E39: 従業員氏名
E40: 生年月日 | K40: 年 月 日
E41: 住所
E42: 地区隊名等
E43: 従業員氏名
E44: 生年月日 | K44: 年 月 日
E45: 住所
E46: 地区隊名等
E47: 従業員氏名
E48: 生年月日 | K48: 年 月 日
E49: 住所
E50: 地区隊名等

Sheet 確約書
A3: 確 約 書
A6: 令和９・10年度競争入札参加資格審査申請にあたり、貴市が発注する役務の提供等について、以下の資格を有する必要のある業務を受注した場合には、弊組合を構成する組合員のうち、当該資格を有する組合員のみ業務に従事することを確約いたします。
A8: 【資格】
A9: ・浄化槽保守点検業者登録
A10: ・建築物清掃業登録証明書
A11: ・清掃作業監督者 （講習会修了証書）
A12: ・建築物飲料水貯水槽清掃業登録証明書
A13: ・貯水槽清掃作業監督者 （講習会修了証書）
A14: ・建築物ねずみ昆虫等防除業登録証明書
A18: 令和８年 月 日
A20: 郡山市長 椎根 健雄 様
A22: 〇〇協同組合
A23: 代表理事 〇〇 〇〇

Sheet Sheet2
A1: 測量等 | B1: 物品調達 | C1: 役務の提供等
A2: 1 測量サービス | B2: 1 衣服・靴・かばん・寝具等 | C2: 1 デザイン・広告・イベント
A3: 2 建築設計・同関連サービス | B3: 2 家具・什器（厨房機器を除く） | C3: 2 映像・写真・図面等製作
A4: 3 建設コンサルタントサービス | B4: 3 室内装飾品 | C4: 3 調査・測定業務
A5: 4 地質調査サービス | B5: 4 印刷・製本 | C5: 4 通信サービス・ソフトウェア開発
A6: 5 補償コンサルタントサービス | B6: 5 車両・船舶 | C6: 5 賃貸借・リース・レンタル
A7: 6 不動産鑑定・土地家屋調査・登記手続 | B7: 6 燃料・ガス・油脂 | C7: 6 建物設備保守・点検・管理
B8: 7 産業用機械（厨房機器を除く） | C8: 7 道路・公園・体育施設等保守・点検・管理
B9: 8 電気機器（厨房機器を除く） | C9: 8 機器保守・点検・管理
B10: 9 映像・音響機器 | C10: 9 建物清掃・害虫駆除
B11: 10 通信機器 | C11: 10 警備・受付
B12: 11 電子計算機・周辺機器 | C12: 11 廃棄物処理
B13: 12 理化学・計測・光学機器 | C13: 12 運搬・保管・旅客運送
B14: 13 医療・介護・福祉用機器 | C14: 13 車両・船舶等点検・整備
B15: 14 薬品 | C15: 14 医療・福祉・給食
B16: 15 医療用品、衛生用品 | C16: 15 クリーニング
B17: 16 文具・事務用機器 | C17: 16 翻訳・通訳・速記等
B18: 17 厨房機器 | C18: 17 その他の役務の提供等
B19: 18 土木・建設・建築材料
B20: 19 消防・防災・防犯用品
B21: 20 図書
B22: 21 運動用品
B23: 22 学校教材
B24: 23 楽器
B25: 24 農業・園芸用品
B26: 25 水道用品
B27: 26 看板・旗・標識・記章
B28: 27 日用雑貨（厨房機器を除く）
B29: 28 食糧品
B30: 29 贈答品
... B32: 31 不用品買受け
